 Dungeon Sprint DCSS version 0.25.1-2-g60ff931df9 (webtiles) character file.

Game seed: 10839954476529574362

97 sahdkjhfkaj the Covert (level 4, 0/22 HPs)
             Began as a Spriggan Assassin on Oct 15, 2020.
             Was a Follower of Cheibriados.
             Succumbed to an orc wizard's poison
             ... in the Dungeon (Sprint VII: "The Pits").
             The game lasted 00:01:23 (556 turns).

sahdkjhfkaj the Covert (Spriggan Assassin)           Turns: 556, Time: 00:01:23

Health: 0/22       AC:  3    Str: 10    XL:     4   Next: 42%
Magic:  5/5        EV: 17    Int: 15    God:    Cheibriados [*.....]
Gold:   0          SH:  0    Dex: 21    Spells: 3/3 levels left

rFire    . . .     SeeInvis +   a - +2 dagger
rCold    . . .     Gourm    .   (shield restricted)
rNeg     . . .     Faith    .   b - +0 robe
rPois    .         Spirit   .   (helmet restricted)
rElec    .         Reflect  .   c - +0 cloak
rCorr    .         Harm     .   (gloves unavailable)
MR       .....     NoTele   +   (boots unavailable)
Stlth    ++........             (no amulet)
HPRegen  0.07/turn              (no ring)
MPRegen  0.09/turn              (no ring)

@: confused, lethally poisoned (0 -> -30)
A: very small, unfitting armour, see invisible, herbivore, speed 3, slow
metabolism 2
a: Bend Time, Renounce Religion


You were in the Dungeon.
You worshipped Cheibriados.
Cheibriados was aware of your devotion.
You were not hungry.

You visited 1 branch

Inventory:

Hand Weapons
 a - a +2 dagger (weapon)
Missiles
 d - 8 poisoned darts (quivered)
 e - a curare-tipped dart
Armour
 b - a +0 robe (worn)
 c - a +0 cloak (worn)
Scrolls
 l - a scroll of blinking
 n - 3 scrolls of remove curse
 o - 5 scrolls of amnesia
 q - 2 scrolls of vulnerability
Potions
 g - 6 potions of curing
 h - 6 potions of heal wounds
 i - a potion of haste
 j - 4 potions of magic
 k - 3 potions of berserk rage
 m - 2 potions of invisibility
Comestibles
 f - 9 rations


   Skills:
 - Level 1.5 Fighting
 - Level 2.1 Short Blades
 - Level 2.0 Throwing
 - Level 1.5 Dodging
 + Level 14.1 Stealth


You had 3 spell levels left.
You didn't know any spells.
Your spell library was empty.

Dungeon Overview and Level Annotations

Branches:
Dungeon (1/1)

Altars:
Ashenzari
Cheibriados
Dithmenos
Elyvilon
Fedhas
Gozag
Hepliaklqana
Kikubaaqudgha
Makhleb
Nemelex Xobeh
Okawaru
Qazlal
Ru
Sif Muna
Trog
Uskayaw
Vehumet
Wu Jian
Xom
Yredelemnul
Zin
The Shining One
Beogh
Jiyva
Lugonu


Innate Abilities, Weirdness & Mutations

You are very small and have problems with some larger weapons.
You are too small for most types of armour.
You have supernaturally acute eyesight. (SInv)
You are a herbivore.
You cover ground extremely quickly.
You need to consume almost no food.


Message History

You hit the orc wizard.
The orc wizard is heavily wounded.
* * * LOW HITPOINT WARNING * * *
You feel sick. The orc wizard casts a spell at you.
You are confused.
* * * LOW HITPOINT WARNING * * *
You feel sick.
You miss the orc wizard.
The orc wizard is heavily wounded.
* * * LOW HITPOINT WARNING * * *
You feel sick. The orc wizard completely misses you.
The orc wizard shouts!
You hit the orc wizard.
The orc wizard is heavily wounded.
* * * LOW HITPOINT WARNING * * *
You feel sick. The orc wizard barely misses you.
You closely miss the orc wizard.
The orc wizard is heavily wounded.
You die...

#..(.')))'.##.....
##########.##...).
#...........'.....
#'#####'#####.....
#.#..#...'.##.....
#.#..#...#.#####'#
#.#..#####.##.....
#.#..'..รท#.##.....
#@#..'...'.##.....
#o#..########...<.
#o#..'.)))[##.....
#M#..#.)))[##.....
#M###########.....
#l....oo# ######
#o..l...# #...#.oM#
#..## ..#


You could see 2 mummies, 2 orc wizards, an orc and a leopard gecko.

Vanquished Creatures
  An ogre (D)
  An ufetubus (D)
  An adder skeleton (D)
  A ball python (D)
  A quokka (D)
  A bat (D)
  3 rats (D)
9 creatures vanquished.

Notes
Turn   | Place    | Note
-------+----------+-------------------------------------------
     0 | D        | sahdkjhfkaj the Spriggan Assassin began the quest for the
                  | Orb.
     0 | D        | Reached XP level 1. HP: 10/10 MP: 2/2
    17 | D        | Reached skill level 6 in Stealth
   142 | D        | Found a bloodstained altar of Trog.
   142 | D        | Found a shimmering blue altar of Sif Muna.
   142 | D        | Found a viscous altar of Jiyva.
   142 | D        | Found a hazy altar of Hepliaklqana.
   142 | D        | Found an opulent altar of Gozag.
   143 | D        | Found a glowing golden altar of the Shining One.
   143 | D        | Found a glowing silver altar of Zin.
   143 | D        | Found a basalt altar of Yredelemnul.
   143 | D        | Found a shimmering altar of Xom.
   143 | D        | Found an ornate altar of the Wu Jian Council.
   143 | D        | Found a sacrificial altar of Ru.
   143 | D        | Found a stormy altar of Qazlal.
   143 | D        | Found an iron altar of Okawaru.
   143 | D        | Found a sparkling altar of Nemelex Xobeh.
   143 | D        | Found a burning altar of Makhleb.
   143 | D        | Found a blossoming altar of Fedhas.
   143 | D        | Found a white marble altar of Elyvilon.
   143 | D        | Found a shadowy altar of Dithmenos.
   143 | D        | Found a snail-covered altar of Cheibriados.
   146 | D        | Found a corrupted altar of Lugonu.
   146 | D        | Found a radiant altar of Vehumet.
   146 | D        | Found a roughly hewn altar of Beogh.
   147 | D        | Found an ancient bone altar of Kikubaaqudgha.
   147 | D        | Found a hide-covered altar of Uskayaw.
   147 | D        | Found a shattered altar of Ashenzari.
   154 | D        | Became a worshipper of Cheibriados the Contemplative
   201 | D        | Reached skill level 7 in Stealth
   217 | D        | Reached * piety under Cheibriados
   220 | D        | Noticed an ogre
   233 | D        | Reached skill level 9 in Stealth
   233 | D        | Reached XP level 2. HP: 14/14 MP: 3/3
   254 | D        | Killed an ogre
   254 | D        | Reached skill level 14 in Stealth
   254 | D        | Reached XP level 3. HP: 5/18 MP: 4/4
   254 | D        | Reached XP level 4. HP: 7/22 MP: 5/5
   555 | D        | HP: 1/22 [poisoned by an orc wizard]
   556 | D        | Succumbed to an orc wizard's poison

Illustrated notes

Levels and vault maps discovered:
D:        pitsprint [storerooms_1, entrance_room_1, metal_vault_3, armoury_3,
          mini_pit_1, grid_room_1, main_hall_1, silver_pit, the_coven_3,
          the_vestibule_1, steel_vault_2, golden_pit, hallway_of_sentries,
          crystal_vault_3, iron_vault_1, final_vault]

Skill      XL: |  1  2 |
---------------+-------+-----
Stealth        | 9 14 | 14.1
Fighting       | |  1.5
Short Blades   | |  2.1
Throwing       | |  2.0
Dodging        | |  1.5

Action                   |  1- 3 |  4- 6 || total
-------------------------+-------+-------++-------
Melee: Dagger            |    12 |    11 ||    23
Throw: Dart              |     5 |       ||     5
  Use: Scroll            |       |     1 ||     1
 Stab: Sleeping          |     4 |     1 ||     5
Armor: Robe              |     1 |     1 ||     2
Dodge: Dodged            |    15 |     4 ||    19
